 Dungeon Crawl Stone Soup version 0.27-a0-1217-g8a41f320e8 (webtiles) character file.

Game seed: 5588408582794658231

36371 Delamore the Impaler (level 14, -1/100 HPs)
             Began as a Formicid Fighter on June 5, 2021.
             Was a High Priest of Elyvilon.
             Slain by a 17-headed hydra (10 damage)
             ... on level 5 of the Lair of Beasts on June 6, 2021.
             The game lasted 00:34:27 (28158 turns).

Delamore the Impaler (Formicid Fighter)            Turns: 28158, Time: 00:34:28

Health: -1/100     AC: 13    Str: 31    XL:     14   Next: 23%
Magic:  12/21      EV:  8    Int:  9    God:    Elyvilon [*****.]
Gold:   1744       SH: 12    Dex: 10    Spells: 13/13 levels left

rFire    . . .     SeeInvis +   p - +0 halberd (freeze)
rCold    . . .     Faith    .   c - +1 kite shield
rNeg     . . .     Spirit   .   b - +1 chain mail {Will+}
rPois    .         Reflect  .   (helmet unavailable)
rElec    .         Harm     .   g - scarf {+Inv}
rCorr    +         Rampage  .   v - +1 pair of gloves
Will     ++...                  (no boots)
Stlth    ..........             K - amulet of the acrobat
HPRegen  0.26/turn              t - +6 ring of strength
MPRegen  0.17/turn              z - ring of resist corrosion

@: no status effects
A: permanent stasis, dig shafts and tunnels, antennae 3, four strong arms
a: Dig, Shaft Self, Renounce Religion, Evoke Invisibility, Lesser Healing, Heal
Other, Purification, Greater Healing, Divine Vigour, Divine Protection


You were on level 5 of the Lair of Beasts.
You worshipped Elyvilon.
Elyvilon was extremely pleased with you.
You visited 3 branches of the dungeon, and saw 17 of its levels.
You also visited: Sewer and Ossuary.

You collected 1744 gold pieces.

Inventory:

Hand Weapons
 p - a +0 halberd of freezing (weapon)
 y - a +2 spear of freezing
 L - a +0 glaive
Missiles
 e - 20 poisoned darts (quivered)
 u - 7 boomerangs
 w - 5 javelins
 x - a curare-tipped dart
 J - 4 throwing nets
 V - 3 silver javelins
Armour
 b - a +1 chain mail of willpower (worn)
 c - a +1 kite shield (worn)
 g - a scarf of invisibility (worn)
 v - a +1 pair of gloves (worn)
 X - a +2 cloak
Jewellery
 h - a ring of ice
 t - a +6 ring of strength (left hand)
 z - a ring of resist corrosion (right hand)
 K - an amulet of the acrobat (around neck)
 W - a ring of see invisible
Wands
 I - a wand of flame (24)
 M - a wand of iceblast (8)
 O - a wand of paralysis (3)
 R - a wand of mindburst (12)
 T - a wand of charming (10)
Scrolls
 r - 8 scrolls of fog
 A - a scroll of brand weapon
 B - a scroll of silence
 C - a scroll of enchant armour
 E - 2 scrolls of amnesia
 F - 4 scrolls of immolation
 G - 3 scrolls of enchant weapon
 N - 6 scrolls of identify
 P - 2 scrolls of holy word
 S - 2 scrolls of magic mapping
Potions
 a - 5 potions of degeneration
 d - 16 potions of curing
 f - 3 potions of magic
 i - 5 potions of mutation
 j - 4 potions of haste
 k - 8 potions of heal wounds
 l - 3 potions of brilliance
 m - 5 potions of flight
 n - a potion of attraction
 o - a potion of might
 q - 3 potions of resistance
 s - 3 potions of lignification
 D - a potion of invisibility
 H - 2 potions of ambrosia
 Q - 2 potions of cancellation


   Skills:
 + Level 6.2 Fighting
 - Level 2.0(12.0) Axes
 + Level 17.6 Polearms
 + Level 6.9 Throwing
 - Level 5.0 Armour
 - Level 7.0 Shields
 - Level 10.0 Invocations
 - Level 5.0 Evocations


You had 13 spell levels left.
You didn't know any spells.
Your spell library contained the following spells:

 Spells                   Type           Power      Damage    Failure   Level
 Animate Skeleton         Necr           0%         N/A       96%         1
 Apportation              Tloc           0%         N/A       96%         1
 Beastly Appendage        Tmut           0%         N/A       96%         1
 Corona                   Hex            0%         N/A       96%         1
 Freeze                   Ice            0%         1d3       96%         1
 Magic Dart               Conj           0%         1d3       96%         1
 Pain                     Necr           0%         1d4       96%         1
 Shock                    Conj/Air       0%         1d3       96%         1
 Summon Small Mammal      Summ           0%         N/A       96%         1
 Call Imp                 Summ           0%         N/A       99%         2
 Slow                     Hex            0%         N/A       99%         2
 Static Discharge         Conj/Air       0%         N/A       99%         2
 Wereblood                Tmut           0%         N/A       99%         2
 Conjure Flame            Conj/Fire      0%         6-21      100%        3
 Frozen Ramparts          Ice            0%         1d2       100%        3
 Inner Flame              Hex/Fire       0%         N/A       100%        3
 Mephitic Cloud           Conj/Pois/Air  0%         N/A       100%        3
 Ozocubu's Armour         Ice            0%         N/A       100%        3
 Portal Projectile        Hex/Tloc       0%         N/A       100%        3
 Spider Form              Tmut/Pois      0%         N/A       100%        3
 Vampiric Draining        Necr           0%         2d6       100%        3
 Airstrike                Air            0%         N/A       100%        4
 Animate Dead             Necr           0%         N/A       100%        4
 Cause Fear               Hex            0%         N/A       100%        4
 Hailstorm                Conj/Ice       0%         3d3       100%        4
 Ice Form                 Ice/Tmut       0%         N/A       100%        4
 Leda's Liquefaction      Hex/Erth       0%         N/A       100%        4
 Agony                    Necr           0%         N/A       100%        5
 Bolt of Magma            Conj/Fire/Erth 0%         4d4       100%        5
 Hydra Form               Tmut           0%         N/A       100%        5
 Lightning Bolt           Conj/Air       0%         1d11      100%        5
 Metabolic Englaciation   Hex/Ice        0%         N/A       100%        5
 Starburst                Conj/Fire      0%         8x6d3     100%        6
 Blink                    Tloc           Unusable   N/A       N/A         2
 Swiftness                Air            Unusable   N/A       N/A         3

Dungeon Overview and Level Annotations

Branches:
Dungeon (11/15)            Temple (0/1) D:7            Lair (5/6) D:11
 Shoals (0/4) Lair:4        Snake (0/4) Lair:2          Orc (1/2) D:9
  Sewer (visited)         Ossuary (visited)
  Slime: Lair:5-6

Altars:
Elyvilon
Fedhas
Uskayaw
Wu Jian
Zin
The Shining One

Annotations:
D:10 2 runed translucent doors, Gargoyl's ghost, journeyman GnAK
Lair:3 3 runed translucent doors, Fama's ghost, journeyman GrGl
Lair:4 exclusion: 2 oklob plants
Lair:5 1 runed translucent door, Boawougg's ghost, journeyman GnWn


Innate Abilities, Weirdness & Mutations

You cannot be hasted, slowed, berserked, paralysed or teleported.
You can dig through walls and to a lower floor.
You have a pair of large antennae on your head. (SInv)
Your four strong arms can wield two-handed weapons with a shield.


Message History

The 16-headed hydra is heavily wounded.
The 16-headed hydra bites you but does no damage.
The 16-headed hydra barely misses you. x2; The 16-headed hydra bites you.
The 16-headed hydra barely misses you. You block the 16-headed hydra's attack.
The 16-headed hydra bites you but does no damage.
You block the 16-headed hydra's attack. The 16-headed hydra barely misses you.
You block the 16-headed hydra's attack. The 16-headed hydra bites you!
The 16-headed hydra bites you but does no damage. x3
The 16-headed hydra closely misses you. The 16-headed hydra bites you!
Reach: p) +0 halberd (freeze)
Press: ? - help, Dir - move target, f/p - 16-headed hydra
Aim: a 16-headed hydra (heavily wounded, very poisoned, slow, about 20% to evade your +0 halberd of freezing)
You hack one of the 16-headed hydra's heads off!
The 15-headed hydra grows two more!
You puncture the 17-headed hydra! You freeze the 17-headed hydra!
The 17-headed hydra is severely wounded.
The 17-headed hydra is no longer moving slowly.
You are healed.
The 17-headed hydra bites you! x2
You block the 17-headed hydra's attack.
The 17-headed hydra bites you but does no damage. x2
The 17-headed hydra barely misses you. x2
You block the 17-headed hydra's attack. The 17-headed hydra bites you.
The 17-headed hydra bites you! You block the 17-headed hydra's attack.
The 17-headed hydra bites you.
The 17-headed hydra bites you but does no damage.
The 17-headed hydra bites you!
The 17-headed hydra bites you but does no damage. x2
The 17-headed hydra bites you.
You are healed.
The 17-headed hydra bites you!
The 17-headed hydra bites you but does no damage. x2
The 17-headed hydra completely misses you.
The 17-headed hydra bites you. x2; The 17-headed hydra bites you!
* * * LOW HITPOINT WARNING * * *
You block the 17-headed hydra's attack. The 17-headed hydra barely misses you.
You block the 17-headed hydra's attack. x2; The 17-headed hydra bites you!
* * * LOW HITPOINT WARNING * * *
The 17-headed hydra barely misses you. You block the 17-headed hydra's attack.
The 17-headed hydra bites you but does no damage. x2
The 17-headed hydra bites you!
You die...

###................
##..................
#...................
##.#................
##....†............ .#
#................. .#
##................. ...
#.................. ...#
#.@.#.............. .....
#D................. .....
....(.(...........$......
.#.(.......##...[...
###.####### ....## #.#
##### ##


You could see a 17-headed hydra (poisoned).

Vanquished Creatures
  Fannar (D:11)
  A hydra (D:11)
  A two-headed ogre (D:11)
  Erica (Lair:2)
  3 death yaks
  2 orc knights (Orc:1)
  A cyclops (D:11)
  Maurice (D:11)
  13 elephants
  Maggie (D:6)
  10 cane toads
  An unseen horror (D:7)
  A torpor snail (Lair:3)
  3 rime drakes
  14 komodo dragons
  A hornet (Lair:2)
  2 trolls
  A polar bear (Lair:4)
  A snapping turtle (Lair:4)
  Grinder (D:4)
  17 blink frogs
  2 wraiths (D:9)
  32 yaks
  Eustachio (D:3)
  2 wyverns
  3 basilisks
  2 steam dragons
  2 wargs (Orc:1)
  Menkaure (Ossuary)
  Edmund (D:4)
  An acid dragon (D:9)
  13 water moccasins
  2 nagas (Lair:2)
  An ice beast (D:8)
  8 orc warriors
  A sky beast (D:7)
  4 black bears
  An ogre (Orc:1)
  2 centaurs
  A phantom (D:6)
  4 kobold brigands
  Blork the orc (D:4)
  11 bullfrogs
  2 gnoll sergeants
  2 scorpions
  20 killer bees
  3 wights (D:8)
  6 electric eels
  A bullfrog zombie (D:5)
  A gnoll shaman (D:7)
  3 jellies
  6 orc priests
  5 hounds
  Natasha (D:3)
  3 iguanas
  14 orc wizards
  4 hell rats (Lair:3)
  A hound skeleton (D:4)
  4 mummies
  A howler monkey zombie (D:5)
  7 gnolls
  A howler monkey skeleton (D:7)
  2 river rats (D:11)
  2 adders (D:3)
  A shadow imp (D:8)
  2 white imps
  2 ufetubi
  A dart slug (D:4)
  27 orcs
  10 ball pythons
  7 endoplasms
  6 giant cockroaches
  3 goblins
  A hobgoblin (D:4)
  5 jackals
  38 kobolds
  5 bats
  2 frilled lizards
  4 gnoll skeletons (Ossuary)
  5 gnoll zombies (Ossuary)
  2 goblin skeletons (Ossuary)
  5 goblin zombies
  3 hobgoblin skeletons (Ossuary)
  6 hobgoblin zombies (Ossuary)
  6 kobold skeletons (Ossuary)
  4 kobold zombies (Ossuary)
  5 orc skeletons (Ossuary)
  5 orc zombies
  6 rats
  4 rat skeletons (Ossuary)
  2 rat zombies (Ossuary)
429 creatures vanquished.

Vanquished Creatures (others)
  2 gnolls (D:8)
  An orc skeleton (Ossuary)
  18 fungi
  15 plants
36 creatures vanquished.

Grand Total: 465 creatures vanquished

Notes
Turn   | Place    | Note
-------+----------+-------------------------------------------
     0 | D:1      | Delamore the Formicid Fighter began the quest for the Orb.
     0 | D:1      | Reached XP level 1. HP: 18/18 MP: 1/1
   117 | D:1      | Reached XP level 2. HP: 17/24 MP: 2/2
   242 | D:1      | Identified the Collected Works on Execration and the Blaze
   281 | D:1      | Reached skill level 1 in Polearms
   330 | D:1      | Found a faded altar of an unknown god.
   346 | D:1      | Became a worshipper of Elyvilon the Healer
   346 | D:1      | Reached * piety under Elyvilon
   848 | D:2      | You fall into a shaft and drop 2 floors!
   848 | D:4      | Noticed Grinder
   861 | D:4      | Killed Grinder
   862 | D:4      | Reached skill level 5 in Fighting
   862 | D:4      | Reached skill level 4 in Polearms
   862 | D:4      | Reached XP level 3. HP: 24/33 MP: 3/3
   862 | D:4      | Reached XP level 4. HP: 29/39 MP: 4/4
   862 | D:4      | Reached XP level 5. HP: 32/44 MP: 5/5
   862 | D:4      | Reached XP level 6. HP: 38/51 MP: 6/6
   878 | D:4      | Found a glowing drain.
   885 | D:4      | Noticed Eustachio
   892 | Sewer    | Entered a sewer
  1030 | Sewer    | Reached ** piety under Elyvilon
  1334 | D:4      | Noticed Blork the orc
  1361 | D:4      | Noticed Natasha
  1766 | D:3      | Reached *** piety under Elyvilon
  2078 | D:3      | Reached skill level 5 in Polearms
  2147 | D:3      | Killed Natasha
  2165 | D:3      | Killed Eustachio
  2166 | D:3      | Reached skill level 6 in Polearms
  2166 | D:3      | Reached XP level 7. HP: 29/56 MP: 5/7
  2341 | D:4      | Killed Blork the orc
  2865 | D:4      | Noticed Edmund
  2888 | D:4      | Killed Edmund
  2889 | D:4      | Reached skill level 7 in Polearms
  2889 | D:4      | Reached XP level 8. HP: 13/62 MP: 4/8
  3239 | D:4      | Found an ornate altar of the Wu Jian Council.
  3302 | D:5      | Entered Level 5 of the Dungeon
  3396 | D:5      | Reached skill level 8 in Polearms
  4061 | D:5      | Reached **** piety under Elyvilon
  4887 | D:6      | Reached skill level 9 in Polearms
  4906 | D:5      | Reached skill level 1 in Invocations
  4982 | D:6      | Reached XP level 9. HP: 28/68 MP: 10/10
  5517 | D:5      | Reached skill level 5 in Shields
  5712 | D:6      | Noticed Maggie
  5755 | D:6      | Killed Maggie
  5756 | D:6      | Reached skill level 10 in Polearms
  6264 | D:6      | You fall into a shaft and drop 1 floor!
  7107 | D:7      | Found a hide-covered altar of Uskayaw.
  7139 | D:7      | Reached ***** piety under Elyvilon
  7510 | D:7      | Noticed an unseen horror
  7534 | D:7      | Killed an unseen horror
  7535 | D:7      | Reached XP level 10. HP: 55/74 MP: 12/12
  7705 | D:7      | Found a staircase to the Ecumenical Temple.
  7970 | D:8      | Found a sand-covered staircase.
  7974 | D:8      | Reached skill level 11 in Polearms
  7976 | Ossuary  | Entered an ossuary
  8589 | Ossuary  | Noticed Menkaure
  8599 | Ossuary  | Killed Menkaure
  9151 | D:8      | Reached skill level 12 in Polearms
 11211 | D:9      | Reached skill level 13 in Polearms
 11211 | D:9      | Reached skill level 5 in Invocations
 11212 | D:9      | Found a staircase to the Orcish Mines.
 11311 | D:9      | Found a blossoming altar of Fedhas.
 11421 | D:9      | Found a glowing silver altar of Zin.
 11557 | Orc:1    | Entered Level 1 of the Orcish Mines
 11847 | Orc:1    | Reached XP level 11. HP: 25/79 MP: 11/14
 11885 | Orc:1    | Reached skill level 1 in Evocations
 12140 | Orc:1    | Noticed an orc knight
 12190 | Orc:1    | Killed an orc knight
 12191 | Orc:1    | Reached skill level 1 in Throwing
 13127 | Orc:1    | Noticed an orc knight
 13178 | Orc:1    | Killed an orc knight
 13891 | D:10     | Entered Level 10 of the Dungeon
 14125 | D:10     | Found a large runed translucent door.
 14126 | D:10     | Found a large runed translucent door.
 14127 | D:10     | Noticed Gargoyl's ghost (journeyman GnAK)
 15003 | D:10     | Identified the +5 dagger of Tuaroab {freeze, rN+ Int+4}
 15206 | D:11     | Noticed Fannar
 15245 | D:11     | Killed Fannar
 15246 | D:11     | Reached skill level 5 in Evocations
 15543 | D:11     | Noticed a death yak
 15543 | D:11     | Noticed a death yak
 15550 | D:11     | Noticed a two-headed ogre
 15552 | D:11     | Noticed a death yak
 15559 | D:11     | Noticed Maurice
 15833 | D:11     | Found a staircase to the Lair.
 15881 | D:11     | Noticed a four-headed hydra
 15890 | D:11     | Killed a four-headed hydra
 15891 | D:11     | Reached skill level 14 in Polearms
 15945 | D:11     | Noticed a two-headed ogre
 15956 | D:11     | Killed a two-headed ogre
 16004 | D:11     | Noticed a cyclops
 16011 | D:11     | Killed a cyclops
 16258 | D:11     | Killed a death yak
 16259 | D:11     | Reached XP level 12. HP: 35/86 MP: 15/15
 16884 | D:10     | Killed a death yak
 16885 | D:10     | Reached skill level 5 in Throwing
 17197 | D:10     | Killed a death yak
 17647 | D:11     | Killed Maurice
 17656 | Lair:1   | Entered Level 1 of the Lair of Beasts
 17668 | Lair:1   | Reached skill level 15 in Polearms
 20074 | Lair:2   | Reached skill level 5 in Armour
 20527 | Lair:2   | Found a glowing golden altar of the Shining One.
 20565 | Lair:2   | Reached XP level 13. HP: 78/91 MP: 18/18
 20839 | Lair:2   | Found a staircase to the Snake Pit.
 20966 | Lair:2   | Noticed Erica
 20982 | Lair:2   | Killed Erica
 21491 | Lair:3   | Reached skill level 16 in Polearms
 21666 | Lair:3   | Reached ****** piety under Elyvilon
 22565 | Lair:3   | Found a runed translucent gate.
 22565 | Lair:3   | Found a runed translucent gate.
 22568 | Lair:3   | Found a runed translucent gate.
 22575 | Lair:3   | Noticed Fama's ghost (journeyman GrGl)
 23668 | Lair:4   | Reached skill level 10 in Invocations
 24457 | Lair:4   | Reached skill level 17 in Polearms
 25564 | Lair:4   | Found a staircase to the Shoals.
 26280 | Lair:5   | Reached XP level 14. HP: 68/98 MP: 21/21
 27723 | Lair:5   | Found a runed translucent door.
 27918 | Lair:5   | Noticed Boawougg's ghost (journeyman GnWn)
 28158 | Lair:5   | Slain by a 17-headed hydra

Illustrated notes

Levels and vault maps discovered:
D:1:      psy_arrival_basics, layout_basic, ebering_ecumenical_altar_webs,
          roderic_nine_men_s_morris
D:2:      layout_basic, uniq_sigmund, uniq_crazy_yiuf_cottage
D:3:      layout_basic
D:4:      layout_basic, nicolae_wu_jian_immortal_techniques,
          portal_sewer_entry_a, kennysheep_nub, minmay_hedge_maze, uniq_grinder,
          uniq_natasha, uniq_eustachio, uniq_edmund, uniq_blork_the_orc
D:5:      layout_layer_cave, serial_rivers, chequers_serial_rivers_room_b,
          chequers_serial_rivers_micro_a, chequers_serial_rivers_small_3,
          chequers_serial_rivers_small_3, minivault_4
D:6:      layout_gridville, uniq_maggie
D:7:      layout_loops_ring, lemuel_doored_altar,
          minmay_temple_entry_enclosed_plants
D:8:      minmay_goldmine, layout_basic, nicolae_ossuary_entry_giza,
          lemuel_flamethrower_1
D:9:      layout_loops_cross, fedhas_altar_2, zin_statuary, orc_0_dummy,
          minivault_25_ag
D:10:     layout_cave_pods, ebering_ghost_disaster_area, solitary_fountain
D:11:     layout_roguey, dpeg_lair_monsters, uniq_fannar, uniq_maurice
Lair:1:   layout_regular_city
Lair:2:   layout_gridlike, minmay_snake_entry_guardpost_small, basic_altar,
          beast_lair_carwin_5, uniq_erica
Lair:3:   layout_cave_pods, gammafunk_ghost_split, serial_bayou_shore_b,
          lemuel_fruit_tree, grunt_megastairs_5, infiniplex_staircase_pool
Lair:4:   layout_cave_pods, minmay_shoals_entry_hut, minmay_lair_oklob_chamber
Lair:5:   layout_cave_pods, ebering_ghost_reflecting_pool, disabler_island
Orc:1:    layout_caves

Skill      XL: |  1  2  3  4  5  6  7  8  9 10 11 12 13 14 |
---------------+-------------------------------------------+-----
Polearms       | 4 6 7 9 10 13 14 15 17 | 17.6
Fighting       | 5 6 |  6.2
Shields        | 4 7 |  7.0
Invocations    | 1 3 5 7 10 | 10.0
Evocations     | 5 |  5.0
Throwing       | 4 6 |  6.9
Armour         | 5 |  5.0
Axes           | |  2.0

Action                   |  1- 3 |  4- 6 |  7- 9 | 10-12 | 13-15 || total
-------------------------+-------+-------+-------+-------+-------++-------
Melee: War axe           |    42 |   128 |    13 |       |       ||   183
       Halberd           |       |       |    69 |       |    48 ||   117
       Spear             |       |       |   327 |  1161 |   765 ||  2253
Throw: Dart              |       |       |    39 |   138 |   152 ||   329
       Javelin           |       |       |       |     5 |       ||     5
       Boomerang         |       |       |       |       |    26 ||    26
Invok: Lesser Healing    |       |       |     3 |     4 |       ||     7
       Greater Healing   |       |       |     2 |    14 |    10 ||    26
       Purification      |       |       |       |     2 |       ||     2
 Abil: Dig               |       |    12 |     1 |    29 |     9 ||    51
       Evoke Invisibilit |       |     1 |       |     2 |       ||     3
Evoke: Wand              |       |       |       |     7 |     2 ||     9
  Use: Scroll            |     4 |     4 |    10 |     7 |     3 ||    28
       Potion            |     1 |       |       |     4 |     1 ||     6
 Stab: Invisible         |       |     2 |       |     7 |       ||     9
       Paralysed         |       |       |       |    16 |       ||    16
Armor: Scale mail        |    15 |   132 |    10 |     3 |       ||   160
       Chain mail        |       |       |   127 |   127 |   157 ||   411
       Skin              |       |       |       |     4 |       ||     4
Dodge: Dodged            |    14 |   108 |    99 |   136 |   124 ||   481
Block: Kite shield       |    27 |   152 |   180 |   355 |   265 ||   979

Table legend: (Time is in decaauts)
 A = Elapsed time spent in this place.
 B = Non-inter-level travel time spent in this place.
 C = Inter-level travel time spent in this place.
 D = Time resting spent in this place.
 E = Time spent auto-exploring this place.
 F = Levels seen in this place.
 G = Mean time per level.
                   A        B        C        D        E       F      G
               +--------+--------+--------+--------+--------+-----+--------+
         Total |  27442 |  26801 |    641 |   7997 |  14322 |  19 | 1444.3 |
       Dungeon |  14161 |  13790 |    371 |   3803 |   7777 |  11 | 1287.4 |
          Lair |   9795 |   9647 |    148 |   2752 |   5658 |   5 | 1959.0 |
  Orcish Mines |   2252 |   2130 |    122 |   1027 |    425 |   1 | 2252.0 |
         Sewer |    407 |    407 |      0 |      0 |    257 |   1 |  407.0 |
       Ossuary |    826 |    826 |      0 |    415 |    204 |   1 |  826.0 |
               +--------+--------+--------+--------+--------+-----+--------+

Top non-repeatable levels by time:
  Lair:2: 2448 daAuts
  Lair:4: 2314 daAuts
   Orc:1: 2252 daAuts
  Lair:5: 2098 daAuts
    D:10: 2077 daAuts
     D:5: 1988 daAuts
     D:8: 1798 daAuts
  Lair:3: 1700 daAuts
    D:11: 1552 daAuts
     D:7: 1276 daAuts
  Lair:1: 1233 daAuts
     D:9: 1230 daAuts
     D:6: 1200 daAuts
     D:4: 1182 daAuts
     D:3: 984 daAuts
